 Dungeon Crawl Stone Soup version 0.28-a0-1292-gb4563b27b3 (webtiles) character file.

Game seed: 2233585481876203055

186 HessuHobo the Skirmisher (level 5, -4/63 HPs)
             Began as a Demonspawn Berserker on Dec 27, 2021.
             Was a Believer of Trog.
             Slain by Edmund (11 damage)
             ... on level 4 of the Dungeon.
             The game lasted 00:05:48 (3629 turns).

HessuHobo the Skirmisher (Demonspawn Berserker)     Turns: 3629, Time: 00:05:49

Health: -4/63      AC: 10    Str: 20    XL:     5   Next: 38%
Magic:  5/5        EV: 11    Int:  8    God:    Trog [**....]
Gold:   100        SH:  0    Dex: 12    Spells: 4/4 levels left

rFire   . . .      SeeInvis .   e - +1 short sword (venom)
rCold   . . .      Faith    .   (no shield)
rNeg    . . .      Spirit   .   m - +0 ring mail
rPois   .          Reflect  .   l - +0 helmet
rElec   .          Harm     .   p - +0 cloak
rCorr   .          Rampage  .   (no gloves)
Will    +++..                   (no boots)
Stlth   ..........              (no amulet)
HPRegen 1.20/turn               c - ring of willpower
MPRegen 0.09/turn               (no ring)

@: berserking, strong-willed, regenerating, very quick
A: slimy green scales 2, ignite blood 1, powered by death 1
a: Renounce Religion, Berserk, Trog's Hand


You were on level 4 of the Dungeon.
You worshipped Trog.
Trog was pleased with you.
You visited 1 branch of the dungeon, and saw 4 of its levels.

You collected 128 gold pieces.
You spent 28 gold pieces at shops.

Inventory:

Hand Weapons
 a - a +0 falchion
 e - a +1 short sword of venom (weapon)
Missiles
 b - 23 bolts (quivered)
Armour
 l - a +0 helmet (worn)
 m - a +0 ring mail (worn)
 p - a +0 cloak (worn)
Jewellery
 c - a ring of willpower (left hand)
 g - a ring of fire
Wands
 o - a wand of flame (25)
Scrolls
 d - a scroll of blinking
 f - a scroll of identify
 h - a scroll of teleportation {unknown}
 k - a scroll of enchant weapon {unknown}
Potions
 i - a potion of haste
 j - a potion of ambrosia
 n - a potion of attraction {unknown}


   Skills:
 + Level 4.0 Fighting
 + Level 3.6 Long Blades
 + Level 3.0 Armour
 - Level 1.7 Dodging
 + Level 2.3 Stealth


You had 4 spell levels left.
You didn't know any spells.
Your spell library was empty.

Dungeon Overview and Level Annotations

Branches:
Dungeon (4/15)
 Temple: D:4-7

Altars:
Uskayaw
Wu Jian
The Shining One

Shops:
D:1 =   D:3 ((?

Annotations:
D:4 Edmund


Innate Abilities, Weirdness & Mutations

You are mostly covered in slimy green scales. (AC +3)
Your demonic aura sometimes causes spilled blood to erupt in flames.
You regenerate a little health from kills.


Message History

Edmund barely misses you.
The adder skeleton bites you but does no damage.
Edmund drinks a potion.
Edmund looks more healthy.
The adder skeleton barely misses you.
You hit Edmund but do no damage.
Edmund is poisoned.
Edmund says, "You wouldn't believe how much I paid for this flail."
Edmund hits you with a +4 dire flail of holy wrath!
You convulse!
The adder skeleton closely misses you.
Edmund hits you with a +4 dire flail of holy wrath.
You convulse.
Your skin crawls.
You feel strong-willed. Edmund hits you but does no damage.
The adder skeleton closely misses you.
Found a scroll labelled ZOPTEZ YRPHULOS.
A red film seems to cover your vision as you go berserk!
You feel yourself moving faster!
You feel mighty! The adder skeleton bites you.
You puncture the adder skeleton!
You destroy the adder skeleton!
Trog accepts your kill.
Your Fighting skill increases to level 4!
You hit Edmund.
Edmund looks even sicker.
Edmund is lightly wounded.
You puncture Edmund!
Edmund looks as sick as possible!
Edmund is moderately wounded.
Edmund hits you with a +4 dire flail of holy wrath.
You convulse.
You barely miss Edmund.
Edmund is moderately wounded.
Edmund hits you with a +4 dire flail of holy wrath!
* * * LOW HITPOINT WARNING * * *
You convulse!
* * * LOW HITPOINT WARNING * * *
You hit Edmund but do no damage.
Edmund looks as sick as possible!
Edmund is heavily wounded.
The adder skeleton bites you but does no damage.
You are too berserk!
You closely miss Edmund.
Edmund is heavily wounded.
Edmund hits you with a +4 dire flail of holy wrath!
You die...

#. .....# ..
#.#.....#...# #?
.....#...# #.
#........ #.
#........ # #.##.
#.....# .#
#..#.##.....# ...
#...@@.....# †.."
#..Z##.....#..†..
#....#........._.
#....#....##....
#....###.## ...
#....###.# .
#........#
#...###### #...#


You could see Edmund (extremely poisoned) and an adder skeleton.

Vanquished Creatures
  A hound (D:4)
  Crazy Yiuf (D:3)
  Jessica (D:2)
  Robin (D:3)
  An adder (D:3)
  An adder skeleton (D:4)
  2 dart slugs
  7 orcs
  5 bats
  4 endoplasms
  3 giant cockroaches
  18 goblins
  5 hobgoblins
  5 kobolds
  A quokka (D:1)
  A ball python (D:1)
  A frilled lizard (D:3)
  5 rats
63 creatures vanquished.

Notes
Turn   | Place    | Note
-------+----------+-------------------------------------------
     0 | D:1      | HessuHobo the Demonspawn Berserker began the quest for the
                  | Orb.
     0 | D:1      | Reached XP level 1. HP: 18/18 MP: 1/1
   476 | D:1      | Found Kozimuti's Jewellery Emporium.
   758 | D:1      | Gained mutation: You are partially covered in slimy green
                  | scales. (AC +2) [demonic ancestry]
   758 | D:1      | Reached XP level 2. HP: 24/24 MP: 2/2
   892 | D:1      | Found a faded altar of an unknown god.
  1216 | D:2      | Reached skill level 1 in Stealth
  1636 | D:2      | Gained mutation: Your demonic aura sometimes causes spilled
                  | blood to erupt in flames. [demonic ancestry]
  1636 | D:2      | Reached XP level 3. HP: 26/29 MP: 3/3
  1834 | D:2      | Noticed Jessica
  1844 | D:2      | Killed Jessica
  2059 | D:3      | Found Peip's Weapon Shoppe.
  2166 | D:3      | Gained mutation: You are mostly covered in slimy green
                  | scales. (AC +3) [demonic ancestry]
  2166 | D:3      | Reached XP level 4. HP: 35/35 MP: 4/4
  2168 | D:3      | Noticed Robin
  2184 | D:3      | Reached ** piety under Trog
  2198 | D:3      | Killed Robin
  2362 | D:3      | Found Paem's Weapon Boutique.
  2511 | D:3      | Found an ornate altar of the Wu Jian Council.
  2608 | D:3      | Found Isetzuq's Magic Scroll Emporium.
  2808 | D:3      | Bought a scroll of identify for 28 gold pieces
  3037 | D:3      | Found a runed translucent door.
  3038 | D:3      | Noticed Crazy Yiuf
  3048 | D:3      | Killed Crazy Yiuf
  3049 | D:3      | Gained mutation: You regenerate a little health from kills.
                  | [demonic ancestry]
  3049 | D:3      | Reached XP level 5. HP: 42/42 MP: 5/5
  3603 | D:4      | Noticed Edmund
  3610 | D:4      | Found a hide-covered altar of Uskayaw.
  3625 | D:4      | Reached skill level 4 in Fighting
  3629 | D:4      | Slain by Edmund

Illustrated notes

Levels and vault maps discovered:
D:1:      saegor_arrival_miasma, layout_loops_ring,
          shapermc_ecumenical_altar_pompeii, serial_shops, shop
D:2:      layout_rooms, uniq_jessica
D:3:      layout_loops_ring, pdpol_wu_jian_five_deadly_venoms,
          nicolae_tso_carved_into_rock, serial_shops, nicolae_square_shop, shop,
          nicolae_shop_bloodbath_and_beyond, uniq_crazy_yiuf_cottage, uniq_robin
D:4:      layout_basic, nicolae_uskayaw_murder_on_the_dancefloor,
          mainiacjoe_overflow_alcove_1, ebering_ghost_disaster_area,
          st_stairs_7, uniq_natasha, uniq_edmund

Skill      XL: |  1  2  3  4  5 |
---------------+----------------+-----
Armour         | 2 3 |  3.0
Long Blades    | 3 |  3.6
Stealth        | 1 2 |  2.3
Fighting       | 4 |  4.0
Dodging        | |  1.7

Action                   |  1- 3 |  4- 6 || total
-------------------------+-------+-------++-------
Melee: Falchion          |    25 |       ||    25
       Short sword       |    80 |   105 ||   185
Invok: Berserk           |     2 |     2 ||     4
       Trog's Hand       |       |     1 ||     1
  Use: Potion            |     1 |       ||     1
       Scroll            |       |     2 ||     2
 Stab: Sleeping          |     1 |       ||     1
Armor: Leather armour    |    32 |     7 ||    39
       Animal skin       |     2 |       ||     2
       Ring mail         |       |    41 ||    41
Dodge: Dodged            |    59 |    54 ||   113

Table legend: (Time is in decaauts)
 A = Elapsed time spent in this place.
 B = Non-inter-level travel time spent in this place.
 C = Inter-level travel time spent in this place.
 D = Time resting spent in this place.
 E = Time spent auto-exploring this place.
 F = Levels seen in this place.
 G = Mean time per level.
                   A        B        C        D        E       F      G
               +--------+--------+--------+--------+--------+-----+--------+
         Total |   3667 |   3572 |     95 |   1391 |   1605 |   4 |  916.8 |
       Dungeon |   3667 |   3572 |     95 |   1391 |   1605 |   4 |  916.8 |
               +--------+--------+--------+--------+--------+-----+--------+

Top non-repeatable levels by time:
     D:3: 1298 daAuts
     D:2: 1043 daAuts
     D:1: 976 daAuts
     D:4: 349 daAuts
